 Dungeon Crawl Stone Soup version 0.30-a0-930-gb9d0489357 (webtiles) character file.

Game seed: 5373620655230456081

31185 cforsyth the Fighter (level 13, -9/148 HPs)
             Began as an Ogre Summoner on Mar 23, 2023.
             Mangled by a meliai
             ... wielding a +0 hand axe
              (15 damage)
             ... on level 7 of the Dungeon on Mar 24, 2023.
             The game lasted 01:10:00 (24007 turns).

cforsyth the Fighter (Ogre Summoner)               Turns: 24007, Time: 01:10:01

Health: -9/148     AC:  5    Str: 15    XL:     13   Next: 56%
Magic:  18/28      EV: 12    Int: 20    God:
Gold:   901        SH:  0    Dex:  9    Spells: 20/35 levels left

rFire   + . .      SeeInvis .    (no weapon)
rCold   + . .      Faith    .    (no shield)
rNeg    . . .      Spirit   .    r - +2 robe {Archmagi}
rPois   .          Reflect  .    (helmet restricted)
rElec   .          Rampage  .    I - scarf of Fae Leaves {shadows, +Inv rF+ Will+}
rCorr   .          Archmagi +    (gloves unavailable)
Will    ++...                    (boots unavailable)
Stlth   +                        o - amulet of regeneration
HPRegen 1.24/turn                v - ring of protection from cold
MPRegen 0.21/turn                B - ring of wizardry

@: studying Stealth
A: large, unfitting armour, tough skin 1
a: Evoke Invisibility


You were on level 7 of the Dungeon.
You visited 3 branches of the dungeon, and saw 15 of its levels.
You also visited: Ice Cave.

You collected 901 gold pieces.

Inventory:

Missiles
 C - a throwing net
Armour
 a - a +1 robe
 k - a +0 robe of resistance
 r - a +2 robe of the Archmagi (worn)
 I - the scarf of Fae Leaves (worn) {shadows, +Inv rF+ Will+}
   (You found it on level 1 of the Lair of Beasts)

   rF:        It protects you from fire.
   +Inv:      It lets you turn invisible.
   Will:      It increases your willpower.
Jewellery
 n - a +4 ring of protection
 o - an amulet of regeneration (around neck)
 p - a +4 ring of protection
 u - an amulet of the acrobat
 v - a ring of protection from cold (left hand)
 z - a +6 ring of intelligence
 B - a ring of wizardry (right hand)
 D - a ring of flight
 F - a ring of resist corrosion
 G - a ring of magical power
Wands
 A - a wand of iceblast (3)
 E - a wand of mindburst (10)
Scrolls
 e - 4 scrolls of magic mapping
 g - a scroll of fog
 i - a scroll of teleportation
 j - a scroll of enchant armour
 q - a scroll of poison
 s - a scroll of vulnerability
 y - 2 scrolls of amnesia
 H - 2 scrolls of identify
Potions
 b - 4 potions of magic
 c - 8 potions of mutation
 d - 3 potions of cancellation
 f - 3 potions of heal wounds
 h - 4 potions of flight
 l - 2 potions of might
 m - 5 potions of curing
 t - 3 potions of brilliance
 w - 4 potions of ambrosia
 x - a potion of haste


   Skills:
 + Level 14.4 Fighting
 + Level 10.6 Dodging
 - Level 1.4 Stealth
 - Level 11.8 Spellcasting
 - Level 4.0 Hexes
 - Level 10.4 Summonings
 - Level 5.0 Air Magic


You had 20 spell levels left.
You knew the following spells:

 Your Spells              Type           Power      Damage    Failure   Level
a - Summon Small Mammal   Summ           100%       N/A       1%          1
b - Call Imp              Summ           69%        N/A       1%          2
c - Call Canine Familiar  Summ           69%        N/A       1%          3
d - Summon Guardian Gole  Hex/Summ       57%        N/A       1%          3
e - Summon Lightning Spi  Summ/Air       59%        N/A       1%          4
m - Blink                 Tloc           34%        N/A       3%          2

Your spell library contained the following spells:

 Spells                   Type           Power      Damage    Failure   Level
 Apportation              Tloc           34%        N/A       2%          1
 Freeze                   Ice            68%        1d8       2%          1
 Sandblast                Erth           34%        2d9       2%          1
 Lesser Beckoning         Tloc           34%        N/A       3%          2
 Momentum Strike          Conj/Tloc      34%        3d8       3%          2
 Passwall                 Tmut/Erth      14%        N/A       3%          2
 Sublimation of Blood     Necr           17%        N/A       3%          2
 Wereblood                Tmut           17%        N/A       3%          2
 Inner Flame              Hex/Fire       29%        N/A       3%          3
 Cause Fear               Hex            20%        N/A       4%          4
 Frozen Ramparts          Ice            34%        1d6       7%          3
 Gell's Gravitas          Tloc           17%        N/A       7%          3
 Hailstorm                Conj/Ice       17%        3d6       7%          3
 Stone Arrow              Conj/Erth      34%        3d9       7%          3
 Teleport Other           Tloc           17%        N/A       7%          3
 Summon Hydra             Summ           34%        N/A       26%         7
 Alistair's Intoxication  Tmut/Pois      11%        N/A       52%         5
 Storm Form               Tmut/Air       16%        N/A       99%         7
 Discord                  Hex            20%        N/A       100%        8
 Maxwell's Capacitive Co  Air            23%        ∞         100%        8


Dungeon Overview and Level Annotations

Branches:
Dungeon (12/15)            Temple (1/1) D:5            Lair (2/5) D:9
    Orc (0/2) D:9           IceCv (visited)
  Swamp: Lair:2-3    Shoals: Lair:2-3     Snake: Lair:2-3    Spider: Lair:2-3

Altars:
Ashenzari
Cheibriados
Dithmenos
Elyvilon
Fedhas
Gozag
Hepliaklqana
Kikubaaqudgha
Makhleb
Nemelex Xobeh
Okawaru
Qazlal
Ru
Sif Muna
Trog
Uskayaw
Vehumet
Wu Jian
Yredelemnul
Zin
The Shining One

Shops:
D:5 =

Portals:
Abyss: D:3

Annotations:
D:3 2 transporters, Iniera's ghost, amateur DsCj
D:9 3 runed translucent doors, Demosthentine's ghost, journeyman DsGl


Innate Abilities, Weirdness & Mutations

You are too large for most types of armour.
You have tough skin. (AC +1)


Message History

Your crimson imp hits the acid dragon but does no damage.
Unknown command.
Unknown command.
Unknown command.
The meliai mumbles some strange prayers to its god against you.
Something smites you!
The acid dragon spits acid at your crimson imp.
The splash of acid hits your crimson imp!
The acid corrodes your crimson imp!
Your crimson imp dies!
Your crimson imp disappears in a puff of smoke!
Unknown command.
The two-headed ogre is engulfed in blazing flames.
Unknown command.
Unknown command.
The meliai attacks as you move away! The meliai hits you with a +0 hand axe.
The meliai stings you but does no damage.
The meliai mumbles some strange prayers to its god against you.
Something smites you! The meliai hits you with a +0 hand axe!
The meliai barely misses you.
There is a transporter, spattered with blood here.
You enter the transporter and appear at another place.
The meliai invokes the aid of its god against you.
Something smites you!
The meliai invokes the aid of its god against you.
Something smites you!
Casting: Summon Guardian Golem (safe; 1% risk of failure)
Confirm with . or Enter, or press ? or * to list all spells.
You feel a surge of power!
The meliai mumbles some strange prayers to its god against you.
Something smites you!
The meliai mumbles some strange prayers to its god against you.
Something smites you!
* * * LOW HITPOINT WARNING * * *
The meliai hits you with a +0 hand axe!
* * * LOW HITPOINT WARNING * * *
The meliai stings you!
* * * LOW HITPOINT WARNING * * *
The meliai hits you with a +0 hand axe!
You die...

##.## #########.########...#
#.#.###..................#.#
#######.##.#####..#########...#
....# ##...# #.##...©?..##..#
...####.#### #.#8.##.##.8#..##
.....#.## ##.#)!##.##..#...#
..)##.## ##..#./.O5.§.§#...#
...)##########.y©#_$D...§.§#©..#
####(..........h@#.!....5..#..##
#)###########.#$$##.##..#.## #.#
#.#8.##.##.8#.# #.#
#.##.......##.# #.#
#..#########..# #.#
##...........## ####.#
############# ...<.# ######


You could see a two-headed ogre, an acid dragon, a meliai (ally target), a white
imp and a friendly warg (summoned).

Vanquished Creatures
  A giant cockroach (D:4)
  A frilled lizard (D:1)
2 creatures vanquished.

Vanquished Creatures (collateral kills)
  2 two-headed ogres
  Urug (D:10)
  A cyclops (D:11)
  7 elephants (Lair:1)
  2 cane toads
  An unseen horror (D:12)
  2 rime drakes (IceCv)
  A komodo dragon (Lair:1)
  3 trolls
  A hornet (D:10)
  2 polar bears (Lair:1)
  4 blink frogs
  4 slime creatures (D:12)
  Sigmund (D:6)
  A shadow (D:11)
  2 spriggans (Lair:1)
  23 yaks
  A vampire (D:12)
  A wyvern (D:10)
  4 vampire mosquitoes (D:11)
  2 steam dragons
  Menkaure (D:5)
  2 acid dragons
  2 orc warriors
  6 water moccasins
  6 black bears
  Pargi (D:3)
  A sky beast (D:8)
  12 wolves
  An ogre (D:6)
  A centaur (D:9)
  A phantom (D:5)
  2 kobold brigands
  10 bullfrogs
  5 scorpions
  2 gnoll sergeants
  10 wights
  A lindwurm simulacrum (IceCv)
  4 killer bees (D:8)
  3 howler monkeys
  A lava snake (D:7)
  5 komodo dragon simulacra (IceCv)
  7 hounds
  8 orc priests
  A gnoll bouda (D:7)
  5 iguanas
  10 orc wizards
  Robin (D:2)
  12 gnolls
  8 acid dragon simulacra (IceCv)
  A river rat (D:12)
  11 adders
  A steam dragon simulacrum (IceCv)
  2 worms (D:2)
  A dart slug (D:1)
  52 orcs
  5 ball pythons
  11 endoplasms
  3 giant cockroaches
  12 hobgoblins
  4 jackals (D:4)
  16 kobolds
  8 quokkas
  5 bats
  8 frilled lizards
  15 goblins
  5 rats
355 creatures vanquished.

Vanquished Creatures (others)
  An ice dragon (IceCv)
  2 two-headed ogres (D:9)
  A boulder beetle (D:11)
  Amaemon (Lair:1)
  A manticore (D:11)
  2 ugly things (D:12)
  An elephant (Lair:1)
  A gargoyle (D:12)
  An orange demon (Lair:1)
  2 cane toads (Lair:1)
  2 rime drakes (IceCv)
  A komodo dragon (D:11)
  A polar bear (Lair:1)
  2 trolls
  A shadow (D:8)
  A wyvern (D:11)
  A wraith (D:11)
  8 yaks
  3 spriggans (Lair:1)
  2 water moccasins
  An acid dragon (D:12)
  4 orc warriors
  10 wolves
  2 bullfrogs (Lair:1)
  A scorpion (Lair:1)
  2 wights (D:7)
  A killer bee (D:8)
  3 komodo dragon simulacra (IceCv)
  A sleepcap (D:8)
  An iguana (D:5)
  2 orc wizards
  An acid dragon simulacrum (IceCv)
  2 steam dragon simulacra (IceCv)
  2 orcs
  2 kobolds (D:9)
  63 fungi
  109 plants
242 creatures vanquished.

Grand Total: 599 creatures vanquished

Notes
Turn   | Place    | Note
-------+----------+-------------------------------------------
     0 | D:1      | cforsyth the Ogre Summoner began the quest for the Orb.
     0 | D:1      | Reached XP level 1. HP: 16/16 MP: 3/3
   361 | D:1      | Reached XP level 2. HP: 24/24 MP: 2/5
   364 | D:1      | Learned a level 2 spell: Call Imp
  1354 | D:2      | Reached XP level 3. HP: 31/31 MP: 2/7
  1506 | D:2      | Noticed Robin
  1748 | D:1      | Learned a level 3 spell: Call Canine Familiar
  1877 | D:2      | Killed Robin
  1919 | D:2      | Learned a level 3 spell: Summon Guardian Golem
  2123 | D:2      | Reached XP level 4. HP: 39/39 MP: 6/9
  2534 | D:2      | Reached skill level 1 in Hexes
  2730 | D:2      | Reached XP level 5. HP: 45/45 MP: 3/11
  2824 | D:2      | Found a sacrificial altar of Ru.
  3407 | D:3      | Found a transporter.
  3548 | D:3      | Found a one-way gate to the infinite horrors of the Abyss.
  3548 | D:3      | Noticed Iniera's ghost (amateur DsCj)
  3583 | D:3      | Found a transporter.
  3921 | D:3      | Reached XP level 6. HP: 53/53 MP: 4/13
  4025 | D:3      | Learned a level 4 spell: Summon Lightning Spire
  4108 | D:3      | Found a shadowy altar of Dithmenos.
  4116 | D:3      | Noticed Pargi
  4142 | D:3      | Killed Pargi
  4143 | D:3      | Reached skill level 5 in Summonings
  4307 | D:3      | Found a faded altar of an unknown god.
  4331 | D:3      | Noticed an ancient zyme
  4807 | D:4      | Reached skill level 1 in Air Magic
  5143 | D:4      | Reached skill level 5 in Spellcasting
  5371 | D:4      | You fall into a shaft and drop 1 floor!
  5371 | D:5      | Entered Level 5 of the Dungeon
  5613 | D:4      | Found a shimmering blue altar of Sif Muna.
  5889 | D:4      | Reached XP level 7. HP: 31/59 MP: 4/14
  6529 | D:5      | Found a staircase to the Ecumenical Temple.
  6534 | D:5      | Noticed Menkaure
  7052 | D:5      | Found Diddont's One-of-a-Kind Rings.
  7113 | D:5      | Killed Menkaure
  7229 | D:5      | Reached XP level 8. HP: 67/67 MP: 10/16
  7244 | Temple   | Entered the Ecumenical Temple
  7900 | D:6      | Found a radiant altar of Vehumet.
  8189 | D:6      | Noticed Sigmund
  8247 | D:6      | Killed Sigmund
  8734 | D:6      | Found a blossoming altar of Fedhas.
  9045 | D:6      | Reached XP level 9. HP: 74/74 MP: 10/19
 10041 | D:7      | Found a glowing silver altar of Zin.
 10082 | D:7      | Reached skill level 5 in Air Magic
 10703 | D:7      | Found a shimmering altar of Xom.
 10705 | D:7      | Found a shimmering altar of Xom.
 10705 | D:7      | Found a shimmering altar of Xom.
 10707 | D:7      | Found a shimmering altar of Xom.
 10707 | D:7      | Found a shimmering altar of Xom.
 10708 | D:7      | Found a shimmering altar of Xom.
 10904 | D:7      | Found a transporter.
 10904 | D:7      | Found an opulent altar of Gozag.
 10904 | D:7      | Noticed a meliai
 10906 | D:7      | Noticed a cyclops
 10909 | D:7      | Noticed a two-headed ogre
 10943 | D:7      | Found a basalt altar of Yredelemnul.
 11021 | D:7      | Found a hide-covered altar of Uskayaw.
 11291 | D:7      | Found an iron altar of Okawaru.
 11326 | D:7      | Found a transporter.
 11685 | D:8      | Reached XP level 10. HP: 81/81 MP: 20/23
 12437 | D:9      | Reached skill level 10 in Spellcasting
 12728 | D:9      | Noticed a two-headed ogre
 12738 | D:9      | Killed a two-headed ogre
 13134 | D:9      | Noticed Demosthentine's ghost (journeyman DsGl)
 13218 | D:9      | Noticed a two-headed ogre
 13220 | D:9      | Found a runed translucent gate.
 13220 | D:9      | Found a runed translucent gate.
 13220 | D:9      | Found a runed translucent gate.
 13228 | D:9      | Killed a two-headed ogre
 13277 | D:9      | Reached skill level 10 in Summonings
 13398 | D:9      | Found a staircase to the Lair.
 13558 | D:9      | Reached XP level 11. HP: 78/88 MP: 21/26
 13598 | D:9      | Found a burning altar of Makhleb.
 13664 | D:9      | Found a staircase to the Orcish Mines.
 14371 | D:10     | Entered Level 10 of the Dungeon
 14398 | D:10     | Reached skill level 1 in Fighting
 14420 | D:10     | Learned a level 2 spell: Blink
 14469 | D:10     | Noticed a two-headed ogre
 14475 | D:10     | Reached skill level 2 in Fighting
 14478 | D:10     | Killed a two-headed ogre
 14479 | D:10     | Reached skill level 3 in Fighting
 14492 | D:10     | Reached skill level 4 in Fighting
 14836 | D:10     | Noticed Urug
 14861 | D:10     | Reached skill level 5 in Fighting
 14861 | D:10     | Killed Urug
 15082 | D:10     | Reached skill level 6 in Fighting
 15512 | D:11     | Noticed a two-headed ogre
 15522 | D:11     | Killed a two-headed ogre
 15523 | D:11     | Reached skill level 7 in Fighting
 15523 | D:11     | Reached skill level 5 in Dodging
 15660 | D:11     | Noticed a cyclops
 15681 | D:11     | Killed a cyclops
 15856 | D:11     | Noticed a manticore
 15870 | D:11     | Killed a manticore
 15934 | D:11     | Reached skill level 8 in Fighting
 16080 | D:11     | Reached XP level 12. HP: 122/122 MP: 10/27
 16401 | D:11     | Noticed a boulder beetle
 16421 | D:11     | Killed a boulder beetle
 16422 | D:11     | Reached skill level 9 in Fighting
 17189 | D:12     | Reached skill level 10 in Fighting
 18124 | Lair:1   | Entered Level 1 of the Lair of Beasts
 18166 | Lair:1   | Reached skill level 11 in Fighting
 18225 | Lair:1   | Found a frozen archway.
 18291 | IceCv    | Entered an ice cave
 18577 | IceCv    | Reached skill level 12 in Fighting
 19304 | IceCv    | Noticed an ice dragon
 20199 | IceCv    | Killed an ice dragon
 20410 | Lair:1   | Reached XP level 13. HP: 134/141 MP: 9/28
 20515 | Lair:1   | Noticed Amaemon
 20716 | Lair:1   | Reached skill level 13 in Fighting
 20747 | Lair:1   | Killed Amaemon
 21749 | Lair:1   | You fall into a shaft and drop 1 floor!
 21759 | Lair:2   | Reached skill level 10 in Dodging
 22300 | Lair:1   | Reached skill level 14 in Fighting
 23072 | Lair:1   | Identified the scarf of Fae Leaves {shadows, +Inv rF+
                  | Will+}
 24007 | D:7      | HP: 6/148 [meliai/+0 hand axe (8)]
 24007 | D:7      | Mangled by a meliai

Illustrated notes

Levels and vault maps discovered:
D:1:      dpeg_arrival_court, layout_basic, serial_bayou, serial_bayou_pond_b,
          serial_bayou_lagoon_a, serial_bayou_pond_d, serial_bayou_lagoon_b
D:2:      layout_basic, basic_altar, uniq_robin
D:3:      layout_basic, nicolae_dithmenos_shadow_blocks,
          gammafunk_ghost_abyssal_escape,
          chequers_ecumenical_altar_simple_redux, kennysheep_generic_room_4,
          uniq_pargi
D:4:      layout_layer_cave, mainiacjoe_overflow_catwalk
D:5:      layout_rooms, minmay_temple_entry_mist,
          chequers_serial_rivers_small_a, nicolae_shop_unique_rings,
          uniq_menkaure
D:6:      layout_loops_ring, fedhas_altar_fruit_tree, lemuel_doored_altar,
          hangedman_decor_diamond_cutter, minivault_11,
          kennysheep_generic_room_8, uniq_sigmund
D:7:      layout_loops_ring, mainiacjoe_overflow_chevrons,
          nicolae_uskayaw_suspiria, gammafunk_temple_overflow_arena,
          mainiacjoe_overflow_tiny_flanked, xom_shifter_show,
          lemuel_coloured_pillars_altar
D:8:      layout_basic, nicolae_wwwww
D:9:      layout_irregular_city, old_standard_altar,
          due_lair_maze_entry_diamond, orc_0_dummy, gammafunk_ghost_icy
D:10:     layout_cave_pools, uniq_urug
D:11:     layout_irregular_city, st_stairs_2
D:12:     layout_loops_ring, pond
Temple:   jpeg_temple_clearing
Lair:1:   kb_forest_paths, layout_loops_ring, portal_ice_cave_entry_pillars_1,
          cheibrodos_lair_lostbears, uniq_amaemon
Lair:2:   layout_long_grid, dummy_snake_entry, serial_forest,
          infiniplex_forest_clump_tiny, infiniplex_forest_straight_2,
          infiniplex_forest_end_1, infiniplex_forest_clump_tiny,
          infiniplex_forest_end_2, infiniplex_forest_clump_long,
          infiniplex_forest_straight_1

Skill      XL: |  1  2  3  4  5  6  7  8  9 10 11 12 13 |
---------------+----------------------------------------+-----
Spellcasting   | 3 4 5 7 9 11 | 11.8
Summonings     | 4 5 6 8 10 | 10.4
Hexes          | 1 2 3 4 |  4.0
Air Magic      | 1 2 4 5 |  5.0
Fighting       | 8 12 14 | 14.4
Dodging        | 6 9 10 | 10.6
Stealth        | |  1.4

Action                     |  1- 3 |  4- 6 |  7- 9 | 10-12 | 13-15 || total
---------------------------+-------+-------+-------+-------+-------++-------
  Melee: Unarmed           |     3 |     7 |       |     8 |     4 ||    22
   Cast: Summon Small Mamm |    48 |    47 |    58 |    19 |    13 ||   185
         Call Imp          |    17 |    22 |    35 |    17 |     7 ||    98
         Call Canine Famil |     3 |    31 |    43 |    81 |    29 ||   187
         Summon Guardian G |       |     1 |    16 |    77 |    41 ||   135
         Summon Lightning  |       |       |     1 |    54 |    18 ||    73
  Evoke: Wand              |       |       |       |    16 |       ||    16
    Use: Scroll            |       |     6 |     4 |    11 |     1 ||    22
         Potion            |       |       |       |     3 |     2 ||     5
 Armour: Robe              |    18 |    19 |    18 |    36 |    31 ||   122
  Dodge: Dodged            |    25 |    34 |    39 |    55 |    85 ||   238

Table legend: (Time is in decaauts)
 A = Elapsed time spent in this place.
 B = Non-inter-level travel time spent in this place.
 C = Inter-level travel time spent in this place.
 D = Time resting spent in this place.
 E = Time spent auto-exploring this place.
 F = Levels seen in this place.
 G = Mean time per level.
                   A        B        C        D        E       F      G
               +--------+--------+--------+--------+--------+-----+--------+
         Total |  23991 |  22803 |   1188 |   5085 |  11973 |  16 | 1499.4 |
       Dungeon |  18299 |  17264 |   1035 |   2511 |  10753 |  12 | 1524.9 |
        Temple |    111 |     98 |     13 |      0 |     87 |   1 |  111.0 |
          Lair |   3487 |   3347 |    140 |   1565 |    913 |   2 | 1743.5 |
      Ice Cave |   2092 |   2092 |      0 |   1009 |    220 |   1 | 2092.0 |
               +--------+--------+--------+--------+--------+-----+--------+

Top non-repeatable levels by time:
  Lair:1: 2772 daAuts
     D:4: 2222 daAuts
   IceCv: 2092 daAuts
     D:6: 1840 daAuts
     D:9: 1720 daAuts
     D:2: 1703 daAuts
     D:3: 1613 daAuts
     D:7: 1590 daAuts
     D:1: 1571 daAuts
    D:11: 1456 daAuts
    D:12: 1246 daAuts
     D:8: 1171 daAuts
     D:5: 1127 daAuts
    D:10: 1034 daAuts
  Lair:2: 715 daAuts
